 Dungeon Crawl Stone Soup version 0.30-a0-1160-g6e42c06551 (webtiles) character file.

Game seed: 2441298518469768294

149 qeuew the Vexing (level 5, -10/30 HPs)
             Began as a Deep Elf Hexslinger on Apr 25, 2023.
             Killed by divine providence
             ... invoked by an orc priest
              (15 damage)
             ... on level 3 of the Dungeon.
             The game lasted 00:03:22 (1785 turns).

qeuew the Vexing (Deep Elf Hexslinger)              Turns: 1785, Time: 00:03:23

Health: -10/30     AC:  2    Str:  7    XL:     5   Next: 9%
Magic:  11/11      EV: 13    Int: 18    God:
Gold:   81         SH:  5    Dex: 17    Spells: 6/10 levels left

rFire   . . .        m - +1 sling (elec)
rCold   . . .        (no shield)
rNeg    . . .        c - +0 robe
rPois   +            (no helmet)
rElec   .            (no cloak)
rCorr   .            (no gloves)
SInv    .            (no boots)
Will    .....        g - amulet of reflection
Stlth   ++           i - ring of poison resistance
HPRegen 0.25/turn    (no ring)
MPRegen 0.12/turn

%: reflection
@: about to teleport
A: no striking features
a: no special abilities


You were on level 3 of the Dungeon.
You visited 1 branch of the dungeon, and saw 3 of its levels.

You collected 81 gold pieces.

Inventory:

Hand Weapons
 m - a +1 sling of electrocution (weapon)
Armour
 c - a +0 robe (worn)
Jewellery
 d - a ring of protection from cold
 g - an amulet of reflection (around neck)
 i - a ring of poison resistance (left hand)
Scrolls
 e - a scroll of vulnerability {unknown}
 k - a scroll of fog
Potions
 a - a potion of ambrosia
 b - a potion of haste
 f - 2 potions of heal wounds


   Skills:
 + Level 1.8 Fighting
 + Level 4.0 Ranged Weapons
 + Level 3.5 Dodging
 + Level 3.2 Spellcasting
 + Level 4.9 Hexes


You had 6 spell levels left.
You knew the following spells:

 Your Spells              Type           Power      Damage    Failure   Level
a - Slow                  Hex            80%        N/A       1%          1
b - Portal Projectile     Hex/Tloc       22%        N/A       17%         3

Your spell library contained the following spells:

 Spells                   Type           Power      Damage    Failure   Level
 Inner Flame              Hex/Fire       11%        N/A       17%         3
 Cause Fear               Hex            10%        N/A       21%         4


Dungeon Overview and Level Annotations

Branches:
Dungeon (3/15)

Altars:

Shops:
D:2 =


Message History

The gnoll picks up the pace!
A gnoll comes into view. It is wielding a +0 spear.
You have reached level 5!
You shoot a sling bullet. The gnoll shouts!
The sling bullet hits the gnoll but does no damage.
Lightning courses through the gnoll!
You kill the gnoll!
An orc comes into view. It is wielding a +0 club.
You block the orc priest's attack.
The gnoll bouda gazes fiercely through you!
You feel as though you will be weak longer.
The orc moves out of view.
Your Ranged Weapons skill increases to level 4!
You shoot a sling bullet.
The sling bullet closely misses the orc priest.
The sling bullet barely misses the orc.
The sling bullet closely misses the gnoll.
The gnoll hits you from afar with a +0 spear.
You shoot a sling bullet.
The sling bullet hits the orc but does no damage.
The gnoll completely misses you.
You shoot a sling bullet.
The sling bullet hits the orc but does no damage.
Your attacks no longer feel as feeble.
You block the orc's attack.
The orc priest mumbles some strange prayers to Beogh against you.
Beogh smites you!
The gnoll hits you from afar with a +0 spear.
* * * LOW HITPOINT WARNING * * *
As you read the scroll of teleportation, it crumbles to dust.
You feel strangely unstable. The orc closely misses you.
The gnoll closely misses you.
Unknown command.
The orc attacks as you move away! The orc hits you with a +0 club.
* * * LOW HITPOINT WARNING * * *
The orc priest calls down the wrath of Beogh upon you.
Beogh smites you!
Ouch! That really hurt!
You die...

.......≈§#####.#####≈≈..#........
....##..§≈≈§§#.#§§§§≈............
....###§≈≈≈§≈#.#≈§≈≈§............
....#..§§≈≈≈≈#.#≈≈≈§§§....##.....
....#...(.≈§≈#.#≈≈≈.....#........
....#.......§#.#≈..§# #........
....'.....+.§§..§§#.# ####.....
....#.....####..###.# #.....
....#.....# ##.@...# #.....
#####.....# ###.### ##..#.
####### #o# ##...


go# #.# ..gg ###.. ....S ..... #...... # #... #.####. ##.+... +. .. ...#...#...
You could see a gnoll bouda, an orc priest, a gnoll (swift), an orc and a ball
python.

Vanquished Creatures
  2 orc priests (D:3)
  2 gnolls (D:3)
  An adder (D:2)
  A worm (D:2)
  3 dart slugs
  2 endoplasms (D:2)
  3 giant cockroaches
  4 goblins
  6 hobgoblins
  3 jackals (D:1)
  4 quokkas (D:1)
  4 ball pythons (D:1)
  5 bats
  3 frilled lizards
  5 kobolds
  7 rats
55 creatures vanquished.

Notes
Turn   | Place    | Note
-------+----------+-------------------------------------------
     0 | D:1      | qeuew the Deep Elf Hexslinger began the quest for the Orb.
     0 | D:1      | Reached XP level 1. HP: 11/11 MP: 5/5
   129 | D:1      | Reached skill level 1 in Fighting
   134 | D:1      | Reached XP level 2. HP: 16/16 MP: 6/6
   598 | D:1      | Reached XP level 3. HP: 20/20 MP: 8/8
   802 | D:2      | Learned a level 3 spell: Portal Projectile
   906 | D:2      | Found Syto's Jewellery Emporium.
  1480 | D:3      | Reached XP level 4. HP: 25/25 MP: 8/10
  1780 | D:3      | Reached XP level 5. HP: 22/30 MP: 11/11
  1785 | D:3      | Killed from afar by an orc priest

Illustrated notes

Levels and vault maps discovered:
D:1:      giann_wishing_wells, layout_basic
D:2:      layout_loops_cross, serial_shops, nicolae_shop_getting_attention
D:3:      layout_basic, kennysheep_small_spiral, st_stairs_12,
          minmay_misc_feat_ornament, grunt_decor_junction, grunt_decor_fettered

Skill      XL: |  1  2  3  4  5 |
---------------+----------------+-----
Fighting       | 1 |  1.8
Ranged Weapons | 3 4 |  4.0
Spellcasting   | 2 3 |  3.2
Dodging        | 3 |  3.5
Hexes          | |  4.9

Action                     |  1- 3 |  4- 6 || total
---------------------------+-------+-------++-------
   Fire: Sling             |   137 |    18 ||   155
   Cast: Slow              |     9 |       ||     9
    Use: Scroll            |     7 |     1 ||     8
         Potion            |     6 |       ||     6
 Armour: Robe              |     3 |       ||     3
  Dodge: Dodged            |    43 |     4 ||    47
  Block: Other             |     4 |     3 ||     7
         Reflection        |     1 |       ||     1

Table legend: (Time is in decaauts)
 A = Elapsed time spent in this place.
 B = Non-inter-level travel time spent in this place.
 C = Inter-level travel time spent in this place.
 D = Time resting spent in this place.
 E = Time spent auto-exploring this place.
 F = Levels seen in this place.
 G = Mean time per level.
                   A        B        C        D        E       F      G
               +--------+--------+--------+--------+--------+-----+--------+
         Total |   1800 |   1775 |     25 |      0 |   1425 |   3 |  600.0 |
       Dungeon |   1800 |   1775 |     25 |      0 |   1425 |   3 |  600.0 |
               +--------+--------+--------+--------+--------+-----+--------+

Top non-repeatable levels by time:
     D:1: 820 daAuts
     D:2: 672 daAuts
     D:3: 307 daAuts
